Map: Scalo orbitale

Players

Jhyrachy - Winner!

  • Race: Zerg Zerg
  • League: Silver

Daddy

  • Race: Zerg Zerg
  • League: Gold

VOD

Have the link to the VOD?

Description

Time

  • Played on: Dec. 19, 2015, 6:52 a.m.
  • Length: 8:50
Show
View Real Time Build Order
Export as new Build Order

Jhyrachy Zerg - Winner!

Build Orders: Pool First 

Get SALT Encoding   

  12  0:03  Drone  
  13  0:13  Overlord  
  13  0:18  Drone  
  14  0:33  Drone x2  
  16  0:37  Drone  
  16  0:39  Extractor  
  16  0:47  Drone  
  17  0:52  Spawning Pool  
  16  0:59  Drone  
  17  1:09  Drone  
  18  1:20  Overlord  
  18  1:31  Drone  
  19  1:40  Queen  
  19  1:42  Metabolic Boost  
  21  1:57  Hatchery  
  21  2:00  Zergling x4  
  22  2:08  Baneling Nest  
  22  2:10  Drone  
  22  2:17  Drone  
  23  2:24  Queen  
  25  2:37  Overlord  
  25  2:38  Zergling x2  
  26  2:57  Baneling  
  26  2:58  Baneling x2  
  24  3:34  Zergling x20  
  34  3:48  Evolution Chamber  
  34  3:50  Drone  
  34  3:51  Overlord  
  34  4:06  Baneling x2  
  34  4:16  Zergling x2  
  35  4:17  Zergling x16  
  36  4:58  Zergling x2  
  36  4:59  Zergling x20  
  37  5:27  Zergling x2  
  37  5:28  Zergling x20  
  45  5:38  Baneling x9  
  45  5:46  Zerg Melee Weapons Level 1  
  45  5:58  Zergling x2  
  45  5:59  Zergling x12  
  45  6:01  Overlord  
  23  7:17  Zergling x8  
  23  7:18  Zergling x16  
  35  7:48  Zergling x20  
  45  7:57  Baneling  
  45  7:58  Baneling x11  
Show
View Real Time Build Order
Export as new Build Order

Daddy Zerg 

Build Orders: Hatch First 

Get SALT Encoding   

  12  0:01  Drone  
  13  0:12  Overlord  
  13  0:18  Drone  
  14  0:30  Drone x2  
  14  0:35  Drone  
  17  0:45  Drone  
  18  0:56  Hatchery  
  17  1:00  Extractor  
  16  1:10  Spawning Pool  
  15  1:15  Drone  
  15  1:17  Drone  
  17  1:24  Drone  
  18  1:29  Drone  
  19  1:38  Overlord  
  19  1:51  Drone  
  20  1:57  Queen  
  22  2:02  Metabolic Boost  
  22  2:09  Queen  
  22  2:11  Drone x2  
  22  2:13  Drone  
  27  2:20  Drone  
  27  2:22  Drone  
  29  2:31  Drone  
  29  2:33  Drone, Baneling Nest  
  30  2:41  Zergling x2  
  30  2:44  Zergling x2  
  32  2:56  Zergling x4  
  34  3:02  Zergling x2  
  34  3:05  Zergling x2  
  32  3:35  Drone  
  32  3:38  Zergling x6  
  36  3:54  Overlord x2  
  36  3:55  Overlord x3  
  36  4:13  Zergling x8  
  36  4:15  Baneling x2  
  36  4:16  Baneling x3  
  36  4:17  Baneling  
  40  4:23  Drone x2  
  40  4:24  Zergling x6, Spine Crawler  
  41  4:25  Zergling x4, Spine Crawler  
  43  4:50  Queen  
  34  4:56  Drone  
  34  4:59  Zergling x10  
  38  5:00  Zergling x4  
  38  5:06  Zergling x2  
  38  5:07  Zergling x2  
  26  5:22  Drone x4  
  26  5:26  Queen x2  
  33  5:33  Baneling x4  
  33  5:38  Drone  
  33  5:39  Drone x3  
  37  5:46  Drone  
  38  5:51  Zergling x2  
  38  5:52  Baneling x3  
  38  5:54  Baneling  
  39  6:11  Zergling x2  
  39  6:12  Zergling x4  
  42  6:24  Queen  
  42  6:27  Queen  
  40  7:14  Drone x4  
  42  7:15  Drone  
  42  7:22  Queen  
  43  7:23  Queen  
  45  7:33  Drone x2  
  47  7:39  Drone x4  
  47  7:40  Drone x5  
  47  7:41  Drone x2, Spine Crawler  
  47  7:42  Spine Crawler  
  56  7:49  Roach Warren  
  55  7:52  Evolution Chamber  
  55  7:53  Evolution Chamber  
  40  8:37  Drone  
  40  8:38  Drone x2  
Tags
 
Add a new tag
Caveats
  • Supply blocks, unpowered buildings, or Contaminate may cause inaccurate times.
  • Supply counts are checked every 10 seconds.